 Dungeon Crawl Stone Soup version 0.29.0-5-ge4962eb29e (webtiles) character file.

Game seed: 13596639850264667377

18970 Arum the Warrior (level 13, 0/117 HPs)
             Began as a Formicid Fighter on Aug 29, 2022.
             Was the Champion of Okawaru.
             Slain by a quasit (3 damage)
             ... summoned by a kobold demonologist
             ... on level 10 of the Dungeon.
             The game lasted 00:18:27 (9264 turns).

Arum the Warrior (Formicid Fighter)                 Turns: 9264, Time: 00:18:27

Health: 0/117      AC: -17   Str: 31      XL:     13   Next: 1%
Magic:  16/16      EV:  7    Int:  9      God:    Okawaru [******]
Gold:   686        SH:  5    Dex:  9 (13) Spells: 12/12 levels left

rFire   . . .      SeeInvis +   e - +1 executioner's axe (vorpal)
rCold   . . .      Faith    .   c - +1 buckler
rNeg    . . .      Spirit   .   n - +0 plate armour
rPois   .          Reflect  .   (helmet unavailable)
rElec   .          Harm     .   F - +0 cloak
rCorr   .          Rampage  .   H - +0 pair of gloves
Will    ++...                   q - +0 pair of boots
Stlth   ..........              v - amulet of regeneration
HPRegen 1.09/turn               J - ring of willpower
MPRegen 0.15/turn               P - +6 ring of strength

@: corroded
A: permanent stasis, dig shafts and tunnels, antennae 3, four strong arms
a: Dig, Shaft Self, Renounce Religion, Heroism, Finesse, Duel


You were on level 10 of the Dungeon.
You worshipped Okawaru.
Okawaru was exalted by your worship.
You visited 1 branch of the dungeon, and saw 10 of its levels.

You collected 686 gold pieces.

Inventory:

Hand Weapons
 a - a +0 war axe
 e - a +1 vorpal executioner's axe (weapon)
 h - a +2 battleaxe
 L - a +3 hand axe of flaming
Missiles
 u - 4 javelins
 O - 5 throwing nets
Armour
 c - a +1 buckler (worn)
 n - a +0 plate armour (worn)
 q - a +0 pair of boots (worn)
 F - a +0 cloak (worn)
 H - a +0 pair of gloves (worn)
Jewellery
 b - a ring of resist corrosion
 r - a +6 ring of dexterity
 v - an amulet of regeneration (around neck)
 J - a ring of willpower (left hand)
 N - a ring of ice
 P - a +6 ring of strength (right hand)
 Q - a ring of magical power
Wands
 j - a wand of digging (6)
 o - a wand of polymorph (7)
 s - a wand of mindburst (4)
 y - a wand of flame (27)
 G - a wand of iceblast (5)
Scrolls
 g - 2 scrolls of amnesia
 l - a scroll of magic mapping
 p - a scroll of identify
 t - 3 scrolls of noise
 w - 2 scrolls of enchant armour
 B - 2 scrolls of fog
 E - 2 scrolls of silence
 K - a scroll of poison
Potions
 d - 4 potions of might
 f - 3 potions of curing
 i - 2 potions of attraction
 k - 2 potions of invisibility
 m - a potion of resistance {unknown}
 x - a potion of magic {unknown}
 z - 2 potions of brilliance
 A - a potion of ambrosia
 C - a potion of cancellation
 D - a potion of mutation
 I - a potion of flight {unknown}
 M - a potion of haste {unknown}


   Skills:
 + Level 16.0 Fighting
 + Level 11.8 Axes
 + Level 8.6 Armour
 - Level 4.0 Shields
 - Level 5.0 Invocations


You had 12 spell levels left.
You didn't know any spells.
Your spell library contained the following spells:

 Spells                   Type           Power      Damage    Failure   Level
 Apportation              Tloc           0%         N/A       98%         1
 Necrotise                Necr           0%         1d4       98%         1
 Sandblast                Erth           0%         2d4       98%         1
 Passwall                 Tmut/Erth      0%         N/A       99%         2
 Confusing Touch          Hex            0%         N/A       100%        3
 Ozocubu's Armour         Ice            0%         N/A       100%        3
 Stone Arrow              Conj/Erth      0%         3d7       100%        3
 Airstrike                Air            0%         2d(0-16)  100%        4
 Alistair's Intoxication  Tmut/Pois      0%         N/A       100%        5
 Freezing Cloud           Conj/Ice/Air   0%         6-21      100%        5
 Lightning Bolt           Conj/Air       0%         1d11      100%        5
 Yara's Violent Unravell  Hex/Tmut       0%         3d3       100%        5
 Enfeeble                 Hex            0%         N/A       100%        7
 Ozocubu's Refrigeration  Ice            0%         4d7       100%        7
 Polar Vortex             Ice            0%         N/A       100%        9
 Summon Small Mammal      Summ           Unusable   N/A       N/A         1
 Summon Lightning Spire   Summ/Air       Unusable   N/A       N/A         4
 Simulacrum               Ice/Necr       Unusable   N/A       N/A         6

Dungeon Overview and Level Annotations

Branches:
Dungeon (10/15)            Temple (0/1) D:7            Lair (0/5) D:9
    Orc: D:9-12

Altars:
Dithmenos
Fedhas
Okawaru
Qazlal
Ru
Vehumet
Wu Jian


Innate Abilities, Weirdness & Mutations

You cannot be hasted, slowed, berserked, paralysed or teleported.
You can dig through walls and to a lower floor.
You have a pair of large antennae on your head. (SInv)
Your four strong arms can wield two-handed weapons with a shield.


Message History

The ynoxinul hits you.
* * * LOW HITPOINT WARNING * * *
The rust devil hits you.
* * * LOW HITPOINT WARNING * * *
The rust devil corrodes you!
Unknown command.
Unknown command.
Unknown command.
Unknown command.
Unknown command.
Unknown command.
Unknown command.
Unknown command.
Unknown command.
Unknown command.
Unknown command.
Unknown command.
Unknown command.
Unknown command.
Unknown command.
Unknown command.
Unknown command.
Unknown command.
Okay, then.
Unknown command.
Okay, then.
Cleave: e) +1 executioner's axe (vorpal)
Press: ? - help, Dir - move target, f/p - kobold demonologist
Aim: a kobold demonologist, wielding a +0 dagger, wearing a +0 robe and carrying a wand of light (4) (almost dead, about 49% to evade your +1 vorpal executioner's axe)
Okay, then.
Unknown command.
Unknown command.
You hit the kobold demonologist but do no damage.
The kobold demonologist is almost dead.
You hit the ynoxinul.
You hit the rust devil but do no damage.
You miss the quasit. You barely miss the sun demon.
The kobold demonologist barely misses you.
The quasit bites you.
You die...

........... .
#.........# ..
......... ...##
........ ...###.#...#
#.....#...#
#..33K#...# #@4...##
##.##.. #.5....#
#...#...#......#
...........#...##
......###.#....##
#.#.......#.....##
##.#....#.....#...##
........#.###.#....##
#.)))#.....#.....###.


You could see a sun demon (summoned), a rust devil (summoned), a kobold
demonologist, a ynoxinul (summoned) and a quasit (summoned).

Vanquished Creatures
  Harold (D:9)
  A centaur warrior (D:9)
  Pikel (D:5)
  An ugly thing (D:7)
  2 kobold demonologists
  Sigmund (D:3)
  A shadow (D:9)
  10 yaks
  2 wraiths
  A basilisk (D:10)
  A wyvern (D:8)
  2 steam dragons
  Grum (D:8)
  2 vampire mosquitoes (D:10)
  3 wargs (D:7)
  2 water moccasins
  An ice beast (D:8)
  3 orc warriors
  4 wolves (D:8)
  11 ogres
  3 centaurs
  8 kobold brigands
  A necrophage (D:7)
  4 bullfrogs
  6 gnoll sergeants
  3 scorpions
  13 wights
  14 killer bees
  9 howler monkeys
  17 orc priests
  A jelly (D:7)
  9 hounds
  A gnoll bouda (D:7)
  An iguana (D:7)
  Ijyb (D:3)
  Terence (D:3)
  14 orc wizards
  6 adders
  31 gnolls
  2 white imps (D:7)
  An ufetubus (D:4)
  A worm (D:4)
  2 dart slugs (D:1)
  37 orcs
  3 endoplasms
  2 giant cockroaches (D:1)
  8 goblins
  4 hobgoblins
  4 jackals
  6 quokkas
  7 ball pythons
  4 bats
  17 kobolds
  3 rats
295 creatures vanquished.

Notes
Turn   | Place    | Note
-------+----------+-------------------------------------------
     0 | D:1      | Arum the Formicid Fighter began the quest for the Orb.
     0 | D:1      | Reached XP level 1. HP: 18/18 MP: 1/1
    97 | D:1      | Reached XP level 2. HP: 24/24 MP: 2/2
   312 | D:1      | Found a faded altar of an unknown god.
   634 | D:1      | Reached XP level 3. HP: 29/30 MP: 3/3
  1470 | D:3      | Reached skill level 4 in Fighting
  1470 | D:3      | Reached XP level 4. HP: 37/37 MP: 4/4
  1496 | D:3      | Noticed Sigmund
  1505 | D:3      | Killed Sigmund
  1506 | D:3      | Reached XP level 5. HP: 40/43 MP: 5/5
  1506 | D:3      | Reached XP level 6. HP: 47/50 MP: 6/6
  1572 | D:3      | Noticed Ijyb
  1582 | D:3      | Killed Ijyb
  1583 | D:3      | Reached skill level 5 in Fighting
  1583 | D:3      | Reached skill level 5 in Armour
  2192 | D:3      | Noticed Terence
  2202 | D:3      | Killed Terence
  3035 | D:4      | Reached XP level 7. HP: 44/56 MP: 7/7
  3332 | D:4      | Found an iron altar of Okawaru.
  3337 | D:4      | Became a worshipper of Warmaster Okawaru
  3398 | D:5      | Entered Level 5 of the Dungeon
  3746 | D:5      | Noticed Pikel
  3763 | D:5      | Killed Pikel
  3763 | D:5      | Reached * piety under Okawaru
  3764 | D:5      | Reached skill level 6 in Fighting
  3764 | D:5      | Reached skill level 5 in Axes
  3764 | D:5      | Reached XP level 8. HP: 32/65 MP: 8/8
  3935 | D:5      | Found the +8 demon blade "Leech" {vamp, Harm Drain rN+}
  4498 | D:6      | Reached skill level 7 in Fighting
  4585 | D:6      | Found a blossoming altar of Fedhas.
  4586 | D:6      | Found an ornate altar of the Wu Jian Council.
  4586 | D:6      | Found a radiant altar of Vehumet.
  4586 | D:6      | Found a stormy altar of Qazlal.
  4628 | D:6      | Reached skill level 1 in Invocations
  4629 | D:6      | Reached XP level 9. HP: 63/72 MP: 7/10
  5037 | D:6      | Reached skill level 8 in Fighting
  5065 | D:6      | Found a shadowy altar of Dithmenos.
  5069 | D:6      | Reached ** piety under Okawaru
  5526 | D:7      | Found a sacrificial altar of Ru.
  5620 | D:7      | Reached skill level 5 in Invocations
  5656 | D:7      | Found a staircase to the Ecumenical Temple.
  5689 | D:7      | Reached *** piety under Okawaru
  5690 | D:7      | Reached skill level 9 in Fighting
  5690 | D:7      | Reached XP level 10. HP: 61/75 MP: 13/13
  5723 | D:7      | Noticed a white ugly thing
  5738 | D:7      | Killed a white ugly thing
  5747 | D:7      | Reached skill level 10 in Fighting
  5847 | D:7      | Reached **** piety under Okawaru
  5943 | D:7      | Noticed a kobold demonologist
  5958 | D:7      | Killed a kobold demonologist
  6296 | D:7      | Reached skill level 11 in Fighting
  6405 | D:7      | Reached ***** piety under Okawaru
  6416 | D:7      | Reached skill level 10 in Axes
  6422 | D:7      | Reached XP level 11. HP: 93/93 MP: 12/14
  6786 | D:7      | Received a gift from Okawaru
  6866 | D:8      | Noticed Grum
  6928 | D:8      | Killed Grum
  7210 | D:8      | Reached skill level 12 in Fighting
  7298 | D:8      | Identified a scroll of acquirement
  7298 | D:8      | Acquired a +1 vorpal executioner's axe
  7805 | D:9      | Noticed a centaur warrior
  7853 | D:9      | Reached skill level 15 in Fighting
  7853 | D:9      | Reached XP level 12. HP: 109/109 MP: 15/15
  7906 | D:9      | Noticed Harold
  7912 | D:9      | Killed Harold
  8095 | D:9      | Found a staircase to the Lair.
  8557 | D:9      | Killed a centaur warrior
  8981 | D:10     | Entered Level 10 of the Dungeon
  9158 | D:10     | Reached skill level 16 in Fighting
  9163 | D:10     | Reached ****** piety under Okawaru
  9191 | D:10     | Reached XP level 13. HP: 117/117 MP: 16/16
  9263 | D:10     | HP: 5/117 [quasit[a kobold demonologist] (1)]
  9263 | D:10     | HP: 2/117 [rust devil[a kobold demonologist] (2)]
  9264 | D:10     | Slain by a quasit

Illustrated notes

Levels and vault maps discovered:
D:1:      lightli_arrival_boilingwater, layout_basic,
          chequers_ecumenical_altar_grove, minmay_misc_feat_hallway
D:2:      layout_basic, minmay_tetromino_l4
D:3:      layout_basic, minmay_misc_feat_chi, minmay_ruptured, uniq_sigmund,
          uniq_terence, uniq_ijyb
D:4:      layout_basic, lemuel_doored_altar
D:5:      layout_basic, uniq_pikel
D:6:      layout_rooms, grunt_dithmenos_smoke,
          chequers_temple_overflow_statue_of_worship
D:7:      lemuel_castle_with_subvaults [lemuel_castle_interior_original],
          layout_loops_ring, nicolae_ru_the_path_less_chosen,
          minmay_temple_entry_grid
D:8:      layout_basic, uniq_grum
D:9:      layout_stronghold, lair_entry_dummy, serial_column_ruins,
          column_ruins_square_small, column_ruins_hut_ruined,
          column_ruins_corridor_corner, column_ruins_open_tiny,
          column_ruins_columns_straight, chequers_arboretum, uniq_harold
D:10:     hangedman_cross_stitches, layout_loops_corners,
          lemuel_zombie_altar_yredelemnul, mainiacjoe_overflow_cross_hatched,
          general_overflow_altar, nicolae_overflow_two_pavilions,
          hangedman_minor_magic, uniq_snorg, uniq_fannar, uniq_sonja

Skill      XL: |  1  2  3  4  5  6  7  8  9 10 11 12 |
---------------+-------------------------------------+-----
Fighting       | 4 5 6 7 9 11 15 16 | 16.0
Armour         | 4 5 6 7 8 |  8.6
Axes           | 3 4 5 6 8 10 11 | 11.8
Invocations    | 1 5 |  5.0
Shields        | |  4.0

Action                   |  1- 3 |  4- 6 |  7- 9 | 10-12 | 13-15 || total
-------------------------+-------+-------+-------+-------+-------++-------
Melee: War axe           |    78 |   107 |    85 |     5 |       ||   275
       Hand axe          |       |       |   135 |   281 |       ||   416
       Battleaxe         |       |       |       |    21 |       ||    21
       Executioner's axe |       |       |       |   119 |    17 ||   136
Invok: Heroism           |       |       |     3 |     8 |       ||    11
 Abil: Dig               |       |     1 |     4 |     4 |       ||     9
Evoke: Wand              |       |       |     3 |    15 |     1 ||    19
  Use: Scroll            |       |    12 |       |    12 |       ||    24
       Potion            |       |       |     3 |     4 |     1 ||     8
Armor: Scale mail        |    30 |    40 |    83 |    92 |       ||   245
       Plate armour      |       |       |       |    81 |    17 ||    98
Dodge: Dodged            |    38 |    49 |    84 |   196 |    20 ||   387
Block: Buckler           |    23 |    31 |    74 |   154 |     9 ||   291
